 Dungeon Crawl Stone Soup version 0.18.1-48-g4cf74bf (webtiles) character file.

9779 Alarkh the Black Belt (level 11, -3/78 HPs)
             Began as a Vampire Chaos Knight on July 23, 2016.
             Slain by a six-headed hydra (10 damage)
             ... on level 2 of the Lair of Beasts.
             The game lasted 00:24:35 (11398 turns).

Alarkh the Black Belt (Vampire Chaos Knight)       Turns: 11398, Time: 00:24:36

Health: -3/78      AC: 11    Str:  9 (11) XL:     11   Next: 27%
Magic:  11/11      EV: 13    Int: 17 (18) God:    Xom [....*.]
Gold:   700        SH:  0    Dex: 10 (13) Spells: 0 memorised, 10 levels left

rFire  + + .     SeeInvis +       - Unarmed
rCold  . . .     Gourm    .     a - +2 leather armour
rNeg   . . .     Faith    .     (no shield)
rPois  .         Spirit   .     (no helmet)
rElec  .         Dismiss  .     (no cloak)
rCorr  .         Reflect  .     o - +0 pair of gloves
SustAt .         Harm     .     n - +0 pair of boots (curse)
MR     +....     Rnd*Rage +     (no amulet)
Stlth  ++++......               (no ring)
                                p - ring of stealth

@: regenerating quickly, somewhat resistant to hostile enchantments, stealthy
A: fangs 3, rough black scales 1, see invisible, berserk 1, fire resistance 2,
unbreathing
a: Renounce Religion


You were on level 2 of the Lair of Beasts.
You worshipped Xom.
You were a beloved toy of Xom.
You were full.

You visited 2 branches of the dungeon, and saw 11 of its levels.
You also visited: Ossuary.

You collected 716 gold pieces.
You spent 16 gold pieces at shops.

Inventory:

Missiles
 L - a throwing net (quivered)
Armour
 a - a +2 leather armour (worn)
 n - a cursed +0 pair of boots (worn)
 o - a +0 pair of gloves (worn)
Jewellery
 p - a ring of stealth (left hand)
Wands
 l - a wand of paralysis (8/24)
 I - a wand of heal wounds (7/9)
Scrolls
 b - 4 scrolls of teleportation {unknown}
 f - a scroll of random uselessness {unknown}
 m - 6 scrolls of remove curse
 q - a scroll of fear {unknown}
 s - 4 scrolls of recharging {unknown}
 t - 2 scrolls of noise {unknown}
 y - 2 scrolls of magic mapping {unknown}
 A - 2 scrolls of enchant armour {unknown}
 D - a scroll of vulnerability {unknown}
 G - a scroll of blinking {unknown}
 H - a scroll of summoning {unknown}
 J - a scroll of holy word {unknown}
Potions
 c - 21 potions of blood
 d - 3 potions of cancellation
 e - 5 potions of brilliance
 h - 4 potions of curing
 r - a potion of cure mutation
 z - a potion of haste
Books
 j - a book of the Dragon

   Spells                             Type                      Level
   a - Flame Tongue                   Conjuration/Fire             1
   b - Cause Fear                     Hexes                        4
   c - Bolt of Fire                   Conjuration/Fire             6
   d - Dragon Form                    Transmutation                7
   e - Dragon's Call                  Summoning                    9
 w - an Akashic Record

   Spells                             Type                      Level
   a - Dispersal                      Translocation                6
   b - Malign Gateway                 Summoning/Translocation      7
   c - Disjunction                    Translocation                8
   d - Controlled Blink               Translocation                8
Miscellaneous
 i - a lamp of fire (inert)
 k - a phantom mirror
 u - a crystal ball of energy


   Skills:
 + Level 4.8 Fighting
 + Level 3.2 Armour
 + Level 5.2 Dodging
 + Level 4.2 Stealth
 * Level 16.5 Unarmed Combat


You had 10 spell levels left.
You didn't know any spells.

Dungeon Overview and Level Annotations

Branches:
Dungeon (9/15)             Temple (0/1) D:5            Lair (2/8) D:9
    Orc (0/2) D:9

Altars:
Cheibriados
Dithmenos
Fedhas
Gozag
Nemelex Xobeh
Okawaru
Pakellas
Qazlal
Sif Muna
Trog
Vehumet
Xom
The Shining One
Beogh

Shops:
D:5 [


Innate Abilities, Weirdness & Mutations

Your natural rate of healing is unusually fast.
You have razor-sharp teeth.
You have supernaturally acute eyesight.
You can survive without breathing.
You are partially covered in rough black scales (AC +4, Dex -1).
You tend to lose your temper in combat.
Your flesh is very heat resistant.


Message History

Evoke which item? (* to show all) (? for menu, Esc to quit)
Aim the lamp in which direction?
Press: ? - help, Dir - move target cursor, f - six-headed hydra
Aim: a six-headed hydra (magical condensation, severely wounded)
The flames dance!
The trail of fire misses the six-headed hydra.
The six-headed hydra bites you but does no damage.
The six-headed hydra barely misses you. x2
The six-headed hydra closely misses you.
The six-headed hydra misses you. The six-headed hydra bites you.
Unknown command.
You punch the six-headed hydra! You bite the six-headed hydra.
The six-headed hydra is almost dead.
The six-headed hydra bites you! x2
* * * LOW HITPOINT WARNING * * *
The six-headed hydra barely misses you. The six-headed hydra bites you.
* * * LOW HITPOINT WARNING * * *
The six-headed hydra closely misses you.
The six-headed hydra bites you!
You die...

........P...♣♣♣...........####...
....P#....................# ##..
..#..#.......§...........### ##..
...#..........§§.........#.##....
......#.......§§#......#..##.....
.............§P####..####........
.#P..........§###....# ##.......
........!......§ED...## ##......
......#P........@....## ##......
..#...................# ##.......
.#....................###........
...........................#.....
..........#...........###P.......
......................#####...##.
.......................###......
....##..........###....#
#.......#...#..#...#


You could see a six-headed hydra and a friendly fire elemental.

Vanquished Creatures
  A hydra (D:9)
  The ghost of tyranidshit the Skirmisher, a novice DDNe (Ossuary)
  3 spiny frogs (Lair:1)
  A komodo dragon (Lair:2)
  A troll (D:9)
  A spriggan (D:7)
  Sigmund (D:4)
  3 yaks (D:9)
  Eustachio (D:6)
  2 basilisks (Lair:1)
  Menkaure (Ossuary)
  Edmund (D:4)
  3 water moccasins
  6 porcupines
  A swamp drake (shapeshifter) (D:9)
  2 orc warriors (D:6)
  3 ice beasts
  An eye of draining (D:9)
  4 ogres
  2 phantoms
  A black bear (D:6)
  3 centaurs (D:7)
  4 crocodiles
  3 giant frogs
  5 killer bees (D:9)
  3 scorpions
  A howler monkey (D:6)
  6 crimson imps
  4 centaur zombies
  2 giant frog zombies
  A human zombie (Ossuary)
  3 jellies (D:9)
  3 centaur skeletons
  2 orc priests
  2 hounds
  9 orc wizards
  3 iguanas
  2 worker ants
  2 ogre zombies (Ossuary)
  2 hound skeletons
  6 mummies (Ossuary)
  A howler monkey zombie (D:8)
  A worker ant zombie (D:5)
  6 adders
  4 gnolls (D:9)
  17 river rats
  An adder skeleton (D:7)
  4 adder zombies (Ossuary)
  A worm (D:2)
  3 dart slugs
  4 giant geckos
  39 orcs
  A ball python (D:1)
  13 bats
  A giant cockroach (D:2)
  13 goblins
  5 hobgoblins
  4 jackals (D:3)
  4 kobolds
  4 quokkas
  8 giant newts
  A gnoll zombie (Ossuary)
  3 goblin zombies (Ossuary)
  4 hobgoblin zombies (Ossuary)
  4 kobold zombies (Ossuary)
  An orc zombie (Ossuary)
  5 quokka zombies
  8 rats
  5 rat zombies
271 creatures vanquished.

Vanquished Creatures (collateral kills)
  5 yaks (D:9)
  A black bear (D:9)
  2 orc warriors (D:9)
  An ogre (D:4)
  A centaur (D:7)
  A gnoll sergeant (D:9)
  A scorpion (D:9)
  A centaur zombie (D:9)
  2 giant frog skeletons
  3 hounds
  An orc priest (D:3)
  A centaur skeleton (D:9)
  A worker ant (D:9)
  A worker ant zombie (D:9)
  3 gnolls (D:9)
  An adder zombie (D:9)
  2 orcs (D:9)
  9 bats (D:9)
  A ball python (D:3)
  3 rats (D:9)
41 creatures vanquished.

Vanquished Creatures (others)
  3 ball lightnings (D:6)
  A river rat (D:9)
  3 fungi
7 creatures vanquished.

Grand Total: 319 creatures vanquished

Notes
Turn   | Place    | Note
--------------------------------------------------------------
     0 | D:1      | Alarkh the Vampire Chaos Knight began the quest for the Orb.
     0 | D:1      | Reached XP level 1. HP: 17/17 MP: 1/1
    92 | D:2      | XOM: silly message
   230 | D:2      | Reached XP level 2. HP: 18/23 MP: 2/2
   593 | D:1      | XOM: noise
   692 | D:1      | Reached XP level 3. HP: 29/29 MP: 3/3
   731 | D:1      | XOM: silly message
  1056 | D:1      | XOM: harmless Conj miscast
  1086 | D:1      | Reached skill level 1 in Armour
  1401 | D:3      | XOM: noise
  1529 | D:3      | Reached skill level 4 in Unarmed Combat
  1547 | D:3      | XOM: harmless Chrm miscast
  1604 | D:3      | XOM: vitrification
  1606 | D:3      | Noticed Blork the orc
  1647 | D:3      | Noticed Blork
  1647 | D:3      | Blork the orc changed into Blork the worker ant
  1647 | D:3      | XOM: polymorph Blork the orc -> Blork the worker ant
  1648 | D:3      | XOM: cast spell 'Confusing Touch'
  1651 | D:3      | Found a deep blue altar of Sif Muna.
  1651 | D:3      | Killed Blork the worker ant
  1651 | D:3      | Reached XP level 4. HP: 30/35 MP: 1/4
  1788 | D:3      | XOM: vitrification
  1918 | D:3      | XOM: vitrification
  1981 | D:3      | XOM: summons 3 friendly demons
  2203 | D:4      | Reached skill level 1 in Stealth
  2250 | D:4      | Reached XP level 5. HP: 41/41 MP: 5/5
  2338 | D:4      | Noticed an ogre
  2347 | D:4      | XOM: summons 5 friendly demons
  2349 | D:4      | Killed an ogre
  2397 | D:4      | XOM: vitrification
  2398 | D:4      | Noticed Sigmund
  2398 | D:4      | Noticed Edmund
  2477 | D:4      | XOM: fog
  2492 | D:4      | Killed Edmund
  2492 | D:4      | Reached XP level 6. HP: 16/48 MP: 6/6
  2525 | D:4      | Killed Sigmund
  2525 | D:4      | Reached skill level 5 in Unarmed Combat
  2542 | D:4      | XOM: give mutations
  2542 | D:4      | Gained mutation: You possess an exceptional clarity of mind. [Xom's grace]
  2542 | D:4      | Gained mutation: Your muscles are strong. (Str +2) [Xom's grace]
  2542 | D:4      | Gained mutation: Your muscles are very strong. (Str +4) [Xom's grace]
  2939 | D:5      | Entered Level 5 of the Dungeon
  2939 | D:5      | Found an oddly glowing altar of Pakellas.
  2945 | D:5      | XOM: vitrification
  2979 | D:5      | Found Etirghex's Antique Armour Shoppe.
  2988 | D:5      | Bought a glowing robe for 16 gold pieces
  2995 | D:5      | XOM is BORED!
  2995 | D:5      | XOM: give mutation
  2995 | D:5      | Lost mutation: Your muscles are very strong. (Str +4) [Xom's mischief]
  3067 | D:5      | XOM: give mutations
  3067 | D:5      | Gained mutation: Your mind is acute. (Int +2) [Xom's grace]
  3067 | D:5      | Gained mutation: Your flesh is heat resistant. [Xom's grace]
  3071 | D:5      | Noticed an ice beast
  3141 | D:5      | XOM: summons 6 friendly demons
  3145 | D:5      | Killed an ice beast
  3145 | D:5      | Reached XP level 7. HP: 54/54 MP: 7/7
  3294 | D:5      | Reached skill level 6 in Unarmed Combat
  3341 | D:5      | XOM: swap monsters
  3343 | D:5      | XOM: harmless Ice miscast
  3348 | D:5      | XOM: medium Necr miscast
  3409 | D:5      | XOM: enchant monster (good)
  3484 | D:5      | Found a staircase to the Ecumenical Temple.
  3702 | D:6      | XOM: summons 7 friendly demons
  3706 | D:6      | Reached skill level 7 in Unarmed Combat
  3726 | D:6      | XOM: give mutations
  3726 | D:6      | Gained mutation: Your flesh is very heat resistant. [Xom's grace]
  3726 | D:6      | Gained mutation: You have sharp toenails. [Xom's grace]
  3743 | D:6      | Noticed Eustachio
  3753 | D:6      | XOM: swap monsters
  3786 | D:6      | Killed Eustachio
  3786 | D:6      | Reached skill level 8 in Unarmed Combat
  3786 | D:6      | Reached XP level 8. HP: 18/60 MP: 8/8
  3845 | D:6      | XOM: scenery: create altars
  3990 | D:6      | Found a glowing golden altar of the Shining One.
  4012 | D:6      | Found an iron altar of Okawaru.
  4119 | D:6      | Found a bloodstained altar of Trog.
  4150 | D:6      | Reached skill level 9 in Unarmed Combat
  4392 | D:6      | Found a runed door.
  4485 | D:6      | XOM: swap monsters
  4487 | D:6      | Lost mutation: You possess an exceptional clarity of mind. [potion of cure mutation]
  4487 | D:6      | Lost mutation: You have sharp toenails. [potion of cure mutation]
  4487 | D:6      | Lost mutation: Your muscles are strong. (Str +2) [potion of cure mutation]
  4487 | D:6      | Lost mutation: Your mind is acute. (Int +2) [potion of cure mutation]
  4488 | D:6      | Gained mutation: Your muscles are strong. (Str +2) [potion of mutation]
  4488 | D:6      | Gained mutation: You tend to lose your temper in combat. [potion of mutation]
  4488 | D:6      | Gained mutation: You are partially covered in rough black scales (AC +4, Dex -1). [potion of mutation]
  4501 | D:6      | XOM: scenery: create altars
  4511 | D:6      | Reached skill level 10 in Unarmed Combat
  4512 | D:6      | XOM: cast spell 'Conjure Ball Lightning'
  4540 | D:6      | XOM: god gift: 8 needles of frenzy
  4590 | D:6      | Found a roughly hewn altar of Beogh.
  4657 | D:6      | XOM: vitrification
  5491 | D:6      | XOM: scenery: create altars
  5619 | D:7      | Found a bloodstained altar of Trog.
  5665 | D:7      | XOM: 8-stop teleportation journey
  5668 | D:7      | XOM: 3-stop teleportation journey
  5673 | D:7      | Reached skill level 11 in Unarmed Combat
  5673 | D:7      | Reached XP level 9. HP: 64/65 MP: 9/9
  5686 | D:7      | Found an oddly glowing altar of Pakellas.
  5690 | D:7      | XOM: medium Erth miscast
  5740 | D:7      | Found a sand-covered staircase.
  5757 | Ossuary  | Entered an ossuary
  5953 | Ossuary  | Noticed tyranidshit's ghost (novice DDNe)
  5953 | Ossuary  | XOM: harmless Summ miscast
  5965 | Ossuary  | XOM: harmless Divn miscast
  5998 | Ossuary  | Killed tyranidshit's ghost
  5998 | Ossuary  | Reached skill level 12 in Unarmed Combat
  6075 | Ossuary  | Noticed Menkaure
  6133 | Ossuary  | Killed Menkaure
  6163 | Ossuary  | XOM: enchant monster (bad)
  6381 | D:7      | XOM: medium Hex miscast
  6403 | D:7      | Found a shimmering altar of Xom.
  6405 | D:7      | Found a snail-covered altar of Cheibriados.
  6421 | D:7      | XOM: medium Necr miscast
  6515 | D:7      | Found a radiant altar of Vehumet.
  6762 | D:7      | XOM: divination: magic mapping
  6810 | D:7      | Reached skill level 13 in Unarmed Combat
  6869 | D:7      | XOM: summons 2 friendly demons
  6984 | D:7      | XOM: god gift: 28 gold pieces
  7018 | D:7      | XOM: god gift: scroll labeled YCSOOSH ZUMYTY
  7197 | D:7      | XOM: god gift: runed broad axe {god gift}
  7400 | D:7      | XOM: medium Fire miscast
  7772 | D:8      | XOM: mild Erth miscast
  7798 | D:8      | Found a shadowy altar of Dithmenos.
  7832 | D:8      | Reached XP level 10. HP: 72/72 MP: 10/10
  8009 | D:8      | Found an opulent altar of Gozag.
  8010 | D:8      | Found a sparkling altar of Nemelex Xobeh.
  8162 | D:8      | XOM: colour smoke trail
  8230 | D:9      | XOM: noise
  8262 | D:8      | Reached skill level 14 in Unarmed Combat
  8310 | D:9      | Found a snail-covered altar of Cheibriados.
  8310 | D:9      | XOM: summons 10 friendly demons
  8320 | D:9      | XOM: chaos upgrade
  8322 | D:9      | XOM: enchant monster (good)
  8476 | D:9      | XOM: harmless Erth miscast
  8727 | D:9      | XOM: harmless Conj miscast
  8735 | D:9      | XOM: harmless Tloc miscast
  8744 | D:9      | XOM: mild Air miscast
  8746 | D:9      | XOM: scenery: create altars
  8770 | D:9      | XOM: summons friendly sun demon
  8789 | D:9      | Found a staircase to the Lair.
  8851 | D:9      | Found a staircase to the Orcish Mines.
  8855 | D:9      | Reached skill level 15 in Unarmed Combat
  8920 | D:9      | Noticed a six-headed hydra
  8922 | D:9      | XOM: medium Erth miscast
  8930 | D:9      | XOM: polymorph iguana -> scorpion
  8936 | D:9      | XOM: 1-stop teleportation journey
  8947 | D:9      | XOM: noise
  8948 | D:9      | XOM: medium Tloc miscast
  8987 | D:9      | XOM: mild Erth miscast
  8998 | D:9      | XOM: mild Pois miscast
  9008 | D:9      | XOM: polymorph iguana -> adder
  9017 | D:9      | XOM: medium Trmt miscast
  9019 | D:9      | XOM: scenery: create altars
  9029 | D:9      | XOM: fog
  9040 | Lair:1   | Entered Level 1 of the Lair of Beasts
  9265 | D:9      | XOM: noise
  9294 | Lair:1   | Noticed a spiny frog
  9303 | Lair:1   | Killed a spiny frog
  9402 | Lair:1   | Noticed a spiny frog
  9407 | Lair:1   | XOM: 4-stop teleportation journey
  9478 | Lair:1   | XOM: swap monsters
  9551 | Lair:1   | Noticed a spiny frog
  9563 | Lair:1   | Killed a spiny frog
  9563 | Lair:1   | Reached skill level 16 in Unarmed Combat
  9568 | Lair:1   | HP: 3/108 [porcupine's spines (6)]
  9757 | Lair:1   | XOM: vitrification
  9891 | Lair:1   | XOM: medium Divn miscast
 10065 | Lair:1   | XOM: polymorph river rat -> iguana
 10066 | Lair:1   | XOM: polymorph iguana -> porcupine
 10068 | Lair:1   | XOM: enchant monster (bad)
 10070 | Lair:1   | XOM: enchant monster (good)
 10116 | Lair:1   | XOM: noise
 10119 | Lair:1   | Killed a spiny frog
 10119 | Lair:1   | Reached XP level 11. HP: 10/78 MP: 11/11
 10509 | D:9      | XOM: give mutations
 10509 | D:9      | Gained mutation: You are clumsy. (Dex -2) [Xom's mischief]
 10509 | D:9      | Lost mutation: You are clumsy. (Dex -2) [Xom's mischief]
 10509 | D:9      | Lost mutation: Your muscles are strong. (Str +2) [Xom's mischief]
 10510 | D:9      | XOM: noise
 10513 | D:9      | Killed a six-headed hydra
 10560 | D:9      | Reached skill level 5 in Dodging
 10620 | D:9      | XOM: polymorph killer bee -> jelly
 10667 | D:9      | XOM: fog
 10880 | D:9      | Found a blossoming altar of Fedhas.
 10882 | D:9      | Found a stormy altar of Qazlal.
 11044 | D:9      | XOM: vitrification
 11225 | Lair:2   | XOM: butterfly on damage
 11279 | Lair:2   | XOM: medium Chrm miscast
 11362 | Lair:2   | Noticed a six-headed hydra
 11368 | Lair:2   | XOM: noise
 11371 | Lair:2   | XOM: enchant monster (good)
 11374 | Lair:2   | XOM: swap monsters
 11375 | Lair:2   | XOM: destruction
 11388 | Lair:2   | XOM: smoke on damage
 11398 | Lair:2   | Slain by a six-headed hydra

Skill      XL: |  1  2  3  4  5  6  7  8  9 10 11 |
---------------+----------------------------------+-----
Fighting       | 3 4 |  4.8
Armour         | 1 2 3 |  3.2
Unarmed Combat | 4 5 8 11 13 16 | 16.5
Stealth        | 1 2 3 4 |  4.2
Dodging        | 3 4 5 |  5.2

Action                   |  1- 3 |  4- 6 |  7- 9 | 10-12 || total
-------------------------+-------+-------+-------+-------++-------
Melee: Unarmed           |   123 |   132 |   481 |   356 ||  1092
       Bite              |     9 |    12 |    53 |    26 ||   100
       Punch             |     2 |     1 |    18 |    16 ||    37
 Abil: End Transformatio |     1 |     1 |     3 |       ||     5
       Bat Form          |     1 |     1 |     3 |       ||     5
Evoke: Lamp of fire      |       |       |       |     1 ||     1
  Use: Potion            |     5 |    12 |    28 |    27 ||    72
       Scroll            |     3 |     3 |     5 |     2 ||    13
 Stab: Sleeping          |     3 |     3 |    30 |    10 ||    46
       Petrified         |       |       |     2 |     3 ||     5
       Invisible         |       |       |     7 |       ||     7
       Distracted        |       |       |       |     1 ||     1
       Confused          |       |       |       |     1 ||     1
Armor: Leather armour    |    27 |    35 |   116 |   125 ||   303
       Skin              |       |       |       |    19 ||    19
Dodge: Dodged            |    66 |    63 |   243 |   249 ||   621
